 Dungeon Crawl Stone Soup version 0.25-a0-464-g3004169c2b (webtiles) character file.

Game seed: 7856792488088231623, levelgen mode: deterministic

0 Gargoyl the Skirmisher (level 1, -1/19 HPs)
             Began as a Centaur Abyssal Knight on Feb 4, 2020.
             Was a Follower of Lugonu.
             Killed from afar by a balrug (15 damage)
             ... with a fireball
             ... on level 2 of the Abyss.
             The game lasted 00:00:40 (263 turns).

Gargoyl the Skirmisher (Centaur Abyssal Knight)      Turns: 263, Time: 00:00:40

Health: -1/19      AC:  4    Str: 14    XL:     1   Next: 0%
Magic:  2/2        EV:  9    Int: 11    God:    Lugonu [*.....]
Gold:   5          SH:  0    Dex:  8    Spells: 0/0 levels left

rFire    . . .     SeeInvis .   a - +1 hand axe
rCold    . . .     Gourm    .   (no shield)
rNeg     . . .     Faith    .   b - +0 leather armour
rPois    .         Spirit   .   (no helmet)
rElec    .         Reflect  .   (no cloak)
rCorr    .         Harm     .   (no gloves)
MR       .....                  (no barding)
Stlth    ..........             (no amulet)
HPRegen  0.00/turn              (no ring)
MPRegen  0.08/turn              (no ring)

@: non-regenerating, diseased, very quick
A: large, hooves 3, deformed body, speed 2, tough skin 3
a: Depart the Abyss, Renounce Religion


You were on level 2 of the Abyss.
You worshipped Lugonu.
Lugonu was aware of your devotion.
You were not hungry.

You visited 0 branches of the dungeon, and saw 0 of its levels.
You visited the Abyss 1 time.

You collected 5 gold pieces.

Inventory:

Hand Weapons
 a - a +1 hand axe (weapon)
Armour
 b - a +0 leather armour (worn)
Comestibles
 c - a ration


   Skills:
 + Level 3.0 Fighting
 + Level 1.7 Axes
 + Level 1.3 Armour
 + Level 0.6 Dodging
 + Level 2.0 Invocations


You couldn't memorise any spells.
You didn't know any spells.
Your spell library contained the following spells:

 Spells                   Type           Power        Failure   Level  Hunger
 Corona                   Hex            #......      41%         1    ##.....
 Slow                     Hex            #.......     54%         2    ###....
 Inner Flame              Hex/Fire       #.......     78%         3    ####...
 Portal Projectile        Hex/Tloc       #.....       78%         3    ####...
 Cause Fear               Hex            #.........   99%         4    #####..
 Leda's Liquefaction      Hex/Erth       #.........   99%         4    #####..


Dungeon Overview and Level Annotations

Branches:
Dungeon (0/15)

Altars:


Innate Abilities, Weirdness & Mutations

You have hooves in place of feet.
Armour fits poorly on your strangely shaped body.
You cover ground very quickly.
You have extremely tough skin. (AC +3)


Message History

It is a scroll of amnesia.
You feel forgetful for a moment.
You feel yourself growing ill in the presence of the ancient zyme.
You feel yourself growing ill in the presence of the ancient zyme.
You feel ill.
You feel ill.
A large abomination comes into view.
The large abomination hits you.
A small abomination comes into view.
The small abomination barely misses you.
An iron imp comes into view.
The iron imp shouts!
A large abomination comes into view.
You feel ill.
A balrug comes into view.
It is wielding a +1 demon whip of electrocution.
The balrug shouts!
The balrug gestures at you.
The fireball explodes!
The fireball engulfs you!
Ouch! That really hurt!
You die...

.... ... #..##.. #
#.....# ..
..#..#..#
..2....##. #....
..# # #..# ...
#..##@###.#
#..#.....#
..##........#
#..#...#..###### .
#.
#........x........
..
#........5........
.## #....x#.x...#.
. ### #
##...###..X## ..
..#..##
.....#X....#.


You could see a balrug, an ancient zyme, a large abomination, a small
abomination and an iron imp.

Vanquished Creatures (others)
  8 starspawn tentacles (Abyss:1)
8 creatures vanquished.

Notes
Turn   | Place    | Note
-------+----------+-------------------------------------------
     0 | Abyss:1  | Gargoyl the Centaur Abyssal Knight began the quest for the
                  | Orb.
     0 | Abyss:1  | Reached XP level 1. HP: 19/19 MP: 2/2
    63 | Abyss:1  | Found a corrupted altar of Lugonu.
   151 | Abyss:1  | Noticed a wraith
   161 | Abyss:1  | Noticed a tentacled starspawn
   170 | Abyss:1  | Noticed a tentacled starspawn
   170 | Abyss:1  | Noticed a small abomination
   182 | Abyss:1  | Noticed an apocalypse crab
   184 | Abyss:1  | Noticed a tentacled starspawn
   206 | Abyss:2  | Noticed an ancient zyme
   232 | Abyss:2  | Noticed an ancient zyme
   239 | Abyss:2  | Noticed a large abomination
   247 | Abyss:2  | Noticed a small abomination
   253 | Abyss:2  | Noticed an iron imp
   259 | Abyss:2  | Noticed a large abomination
   263 | Abyss:2  | Noticed a balrug
   263 | Abyss:2  | Killed from afar by a balrug

Levels and vault maps discovered:
Abyss:2

Action                   || total
-------------------------++-------
  Use: Scroll            ||     1
Armor: Leather armour    ||     1
Dodge: Dodged            ||     1

Table legend:
 A = Non-vault XP
 B = Vault XP
 C = Vault XP percentage of total XP
 D = Non-vault monster count
 E = Vault monster count
 F = Vault count percentage of total count
                 A         B        C        D         E       F
            +---------+---------+-------+---------+---------+-------
      Total |       0 |       0 |   N/A |       0 |       0 |  -nan
            +---------+---------+-------+---------+---------+-------
            +---------+---------+-------+---------+---------+-------
